 Dungeon Crawl Stone Soup version 0.22-a0-609-gfedc9ff (webtiles) character file.

39 Amnesiac the Magician (level 3, 0/21 HPs)
             Began as a Deep Elf Wizard on July 10, 2018.
             Succumbed to an adder's poison
             ... on level 1 of the Dungeon.
             The game lasted 00:01:24 (881 turns).

Amnesiac the Magician (Deep Elf Wizard)              Turns: 881, Time: 00:01:25

Health: 0/21       AC:  2    Str:  4    XL:     3   Next: 28%
Magic:  11/11      EV: 13    Int: 23    God:
Gold:   0          SH:  0    Dex: 13    Spells: 0/11 levels left

rFire    . . .     SeeInvis .   f - +3 dagger
rCold    . . .     Gourm    .   (no shield)
rNeg     . . .     Faith    .   a - +0 robe
rPois    .         Spirit   .   (no helmet)
rElec    .         Reflect  .   (no cloak)
rCorr    .         Harm     .   (no gloves)
MR       .....                  (no boots)
Stlth    ++........             (no amulet)
HPRegen  0.07/turn              (no ring)
MPRegen  0.12/turn              (no ring)

@: lethally poisoned (0 -> -1), very slightly contaminated
A: no striking features
a: no special abilities


You were on level 1 of the Dungeon.
You were not hungry.

You visited 1 branch of the dungeon, and saw 2 of its levels.

Inventory:

Hand Weapons
 f - a +3 dagger (weapon)
Armour
 a - a +0 robe (worn)
Potions
 c - a potion of magic {!q}
 e - a potion of invisibility {!q, unknown}
Comestibles
 b - 3 chunks of flesh
 d - 2 rations


   Skills:
 * Level 2.0 Fighting
 - Level 2.4 Dodging
 - Level 2.4 Stealth
 - Level 4.5 Spellcasting
 + Level 2.0 Conjurations
 - Level 1.1 Summonings
 - Level 1.1 Translocations


You couldn't memorise any spells.
You knew the following spells:

 Your Spells              Type           Power        Failure   Level  Hunger
a - Magic Dart            Conj           ##..         4%          1    None
b - Call Imp              Summ           ##......     10%         2    None
e - Mephitic Cloud        Conj/Pois/Air  #.......     22%         3    ##.....
s - Conjure Flame         Conj/Fire      #.......     21%         3    ##.....
v - Blink                 Tloc           N/A          10%         2    None

Your spell library contained the following spells:

 Spells                   Type           Power        Failure   Level  Hunger
 Slow                     Hex            #.......     16%         2    None


Dungeon Overview and Level Annotations

Branches:
Dungeon (2/15)

Altars:
Hepliaklqana
Vehumet
Zin


Message History

* * * LOW HITPOINT WARNING * * *
You are poisoned.
The adder poisons you!
Casting: Magic Dart (safe; 4% risk of failure)
Confirm with . or Enter, or press ? or * to list all spells.
Aiming: Magic Dart (safe; 4% risk of failure)
Press: ? - help, Shift-Dir - straight line, f/p - adder
Aim: an adder (almost dead)
The magic dart hits the adder.
You kill the adder!
Your Conjurations skill increases to level 2!
You feel sick.
Casting: Magic Dart (safe; 4% risk of failure)
Confirm with . or Enter, or press ? or * to list all spells.
Aiming: Magic Dart (safe; 4% risk of failure)
Press: ? - help, Shift-Dir - straight line, f - quokka
Aim: a quokka The magic dart hits the quokka.
The quokka is severely wounded.
The quokka bites you.
* * * LOW HITPOINT WARNING * * *
The quokka bites you.
* * * LOW HITPOINT WARNING * * *
Casting: Magic Dart (safe; 4% risk of failure)
Confirm with . or Enter, or press ? or * to list all spells.
Aiming: Magic Dart (safe; 4% risk of failure)
Press: ? - help, Shift-Dir - straight line, f/p - quokka
Aim: a quokka (severely wounded)
The magic dart hits the quokka.
You kill the quokka!
The kobold shouts!
Casting: Magic Dart (safe; 4% risk of failure)
Confirm with . or Enter, or press ? or * to list all spells.
Aiming: Magic Dart (safe; 4% risk of failure)
Press: ? - help, Shift-Dir - straight line, f - goblin
Aim: a goblin The magic dart hits the goblin.
The goblin is severely wounded.
You feel sick. The goblin barely misses you.
Casting: Magic Dart (safe; 4% risk of failure)
Confirm with . or Enter, or press ? or * to list all spells.
Aiming: Magic Dart (safe; 4% risk of failure)
Press: ? - help, Shift-Dir - straight line, f/p - goblin
Aim: a goblin (severely wounded)
The magic dart hits the goblin.
You kill the goblin!
Your Fighting skill increases to level 2!
Some of the chunks of flesh in your inventory have rotted away.
You feel sick.
There is a stone staircase leading up here.
Casting: Magic Dart (safe; 4% risk of failure)
Confirm with . or Enter, or press ? or * to list all spells.
Aiming: Magic Dart (safe; 4% risk of failure)
Press: ? - help, Shift-Dir - straight line, f - rat
Aim: a rat The magic dart hits the rat.
The rat bites you.
* * * LOW HITPOINT WARNING * * *
The rat bites you.
* * * LOW HITPOINT WARNING * * *
You climb upwards.
There is a stone staircase leading down here.
Really quaff
c - 2 coppery potions {!q}?
It was a potion of magic {!q}.
Magic courses through your body.
You die...

#.# #.# #.######.# #######
#.#....#รท## #.....# ###
#.#.#.....# #.###.# .[#
#.#.#.#.#######.###.# #)#
#.#.#.#.............#
#.#######.#.#.##.###....#####
..............##.# #.....#
...............r@# #.##..#
#.##.#.#.##..###.# #.....#
.....#.#.........# ####.#####
#.##.#.###....##.# #.....#
#....#.#....#.##.# #######.#
###....#.##.#.##.# #....##.#
###.####.##.#.##.# ##.##.##.####
..#.##....#....#.###...........#
###.##.####.......##..##.##.##.#


You could see a rat.

Vanquished Creatures
  An adder (D:2)
  A dart slug (D:1)
  A leopard gecko (D:2)
  3 bats (D:1)
  A giant cockroach (D:1)
  3 goblins
  7 hobgoblins (D:1)
  2 jackals (D:1)
  3 kobolds
  A quokka (D:2)
  2 frilled lizards (D:1)
25 creatures vanquished.

Notes
Turn   | Place    | Note
-------+----------+-------------------------------------------
     0 | D:1      | Amnesiac the Deep Elf Wizard began the quest for the Orb.
     0 | D:1      | Reached XP level 1. HP: 10/10 MP: 7/7
   154 | D:1      | Reached skill level 1 in Fighting
   191 | D:1      | Reached XP level 2. HP: 8/16 MP: 0/9
   841 | D:2      | Reached XP level 3. HP: 20/21 MP: 6/11
   845 | D:2      | Learned a level 2 spell: Blink
   848 | D:2      | Learned a level 2 spell: Call Imp
   852 | D:2      | Learned a level 3 spell: Conjure Flame
   856 | D:2      | Learned a level 3 spell: Mephitic Cloud
   856 | D:2      | Found a glowing silver altar of Zin.
   856 | D:2      | Found a radiant altar of Vehumet.
   860 | D:2      | Found a hazy altar of Hepliaklqana.
   879 | D:2      | HP: 1/21 [rat (1)]
   881 | D:1      | Succumbed to an adder's poison

Vault maps used:
D:1:      minmay_arrival_hallway
D:2:      grunt_temple_overflow_open, uniq_crazy_yiuf_cottage, uniq_sigmund

Skill      XL: |  1  2  3 |
---------------+----------+-----
Fighting       | 1 2 |  2.0
Conjurations   | 2 |  2.0
Dodging        | |  2.4
Stealth        | |  2.4
Spellcasting   | |  4.5
Summonings     | |  1.1
Translocations | |  1.1

Action                   || total
-------------------------++-------
Melee: Unarmed           ||     8
 Cast: Magic Dart        ||    71
  Use: Potion            ||     1
Armor: Robe              ||     1
Dodge: Dodged            ||    19

Table legend:
 A = Spawn XP
 B = Non-spawn XP
 C = Spawn XP percentage of total XP
 D = Spawn monster count
 E = Non-spawn monster count
 F = Spawn count percentage of total count
 G = Total turns spent on level
                    A         B        C        D         E        F      G
               +---------+---------+-------+---------+---------+-------+---------
         Total |       0 |      57 |   0.0 |       0 |      25 |   0.0 |   881
               +---------+---------+-------+---------+---------+-------+---------
           D:1 |       0 |      37 |   0.0 |       0 |      20 |   0.0 |   836
           D:2 |       0 |      20 |   0.0 |       0 |       5 |   0.0 |    45
               +---------+---------+-------+---------+---------+-------+---------
